 Dungeon Crawl Stone Soup version 0.23-a0-307-gc3b755d (webtiles) character file.

2508 RoseArtemis the Grappler (level 9, 0/88 HPs)
             Began as a Troll Monk on Oct 10, 2018.
             Was an Elder of Makhleb.
             Splashed by a jelly's acid (7 damage)
             ... on level 8 of the Dungeon.
             The game lasted 00:27:48 (7217 turns).

RoseArtemis the Grappler (Troll Monk)               Turns: 7217, Time: 00:27:48

Health: 0/88       AC: -2    Str: 23    XL:     9   Next: 28%
Magic:  11/11      EV: 12    Int:  6    God:    Makhleb [****..]
Gold:   162        SH:  0    Dex: 13    Spells: 8/8 levels left

rFire    + . .     SeeInvis +     - Unarmed
rCold    . . .     Gourm    +   (no shield)
rNeg     . . .     Faith    .   u - +0 robe of the Little Devil {rF+}
rPois    .         Spirit   .   (helmet restricted)
rElec    .         Reflect  .   n - +0 cloak
rCorr    .         Harm     .   (gloves unavailable)
MR       +....                  (boots unavailable)
Stlth    ++........             (no amulet)
HPRegen  0.64/turn              k - ring of see invisible
MPRegen  0.12/turn              a - ring of protection from magic

@: lethally poisoned (0 -> 0), corroded
A: large, unfitting armour, claws 3, fast metabolism 3, gourmand, regeneration
1, shaggy fur 1, tough skin 2
a: Minor Destruction, Lesser Servant of Makhleb, Major Destruction, Renounce
Religion


You were on level 8 of the Dungeon.
You worshipped Makhleb.
Makhleb was greatly pleased with you.
You were full.

You visited 2 branches of the dungeon, and saw 9 of its levels.
You also visited: Sewer and Ossuary.

You collected 323 gold pieces.
You spent 161 gold pieces at shops.

Inventory:

Missiles
 m - 5 poisoned tomahawks (quivered)
Armour
 n - a +0 cloak (worn)
 u - the +0 robe of the Little Devil (worn) {rF+}
   (You found it on level 5 of the Dungeon)

   It protects you from fire.
Jewellery
 a - a ring of protection from magic (right claw)
 j - an uncursed ring of ice
 k - a ring of see invisible (left claw)
 x - a cursed ring of attention {unknown}
Wands
 t - a wand of clouds (3)
Scrolls
 f - 6 scrolls of amnesia
 o - a scroll of magic mapping
 s - 2 scrolls of remove curse
 w - a scroll of enchant armour {unknown}
 y - a scroll of fear {unknown}
 z - a scroll of teleportation {unknown}
 A - 2 scrolls of silence {unknown}
Potions
 c - 7 potions of curing
 d - 3 potions of brilliance
 e - 3 potions of agility
 g - a potion of resistance
 h - 6 potions of heal wounds
 i - 3 potions of mutation
 l - 3 potions of berserk rage
 p - 2 potions of haste
 q - a potion of lignification {unknown}
 r - a potion of flight {unknown}
 v - a potion of magic {unknown}
Comestibles
 b - 16 rations
 B - 2 chunks of flesh


   Skills:
 + Level 5.3 Fighting
 + Level 5.2 Dodging
 - Level 2.0 Stealth
 * Level 8.6 Unarmed Combat
 + Level 4.0 Invocations


You had 8 spell levels left.
You didn't know any spells.
Your spell library contained the following spells:

 Spells                   Type           Power        Failure   Level  Hunger
 Animate Skeleton         Necr           N/A          45%         1    ##.....
 Apportation              Tloc           #.....       45%         1    ##.....
 Confusing Touch          Hex            #.....       45%         1    ##.....
 Infusion                 Chrm           #...         45%         1    ##.....
 Summon Small Mammal      Summ           #...         45%         1    ##.....
 Poisonous Vapours        Pois/Air       #.....       58%         2    ###....
 Shroud of Golubria       Chrm/Tloc      #.........   58%         2    ###....
 Song of Slaying          Chrm           #.......     58%         2    ###....
 Conjure Flame            Conj/Fire      #.......     83%         3    ####...
 Mephitic Cloud           Conj/Pois/Air  #.......     83%         3    ####...
 Regeneration             Chrm/Necr      #.........   83%         3    ####...
 Spectral Weapon          Hex/Chrm       #.......     83%         3    ####...
 Freezing Cloud           Conj/Ice/Air   #.........   100%        6    #######
 Ring of Flames           Chrm/Fire      #.........   100%        7    #######


Dungeon Overview and Level Annotations

Branches:
Dungeon (8/15)             Temple (1/1) D:4
   Lair: D:8-11

Altars:
Ashenzari
Cheibriados
Dithmenos
Elyvilon
Fedhas
Gozag
Hepliaklqana
Kikubaaqudgha
Makhleb
Nemelex Xobeh
Okawaru
Qazlal
Ru
Sif Muna
Trog
Uskayaw
Vehumet
Wu Jian
Xom
Yredelemnul
Zin
The Shining One

Shops:
D:5 [   D:7 }


Innate Abilities, Weirdness & Mutations

You are too large for most types of armour.
You have claws for hands.
Your metabolism is lightning-fast.
You like to eat raw meat.
Your natural rate of healing is unusually fast.
You are covered in fur. (AC +1)
You have very tough skin. (AC +2)


Message History

* * * LOW HITPOINT WARNING * * *
Okay, then.
The scorpion stings you!
* * * LOW HITPOINT WARNING * * *
You are poisoned.
The scorpion poisons you! The jelly barely misses you.
Found 12 gold pieces.
A centaur comes into view.
You feel sick.
The centaur shouts!
The jelly misses you.
The centaur wields a shortbow.
The centaur shoots an arrow.
The arrow misses you.
You see here an arrow.
You feel sick.
The centaur shoots an arrow.
The arrow completely misses you.
There is a stone staircase leading up here.
You feel sick. The scorpion barely misses you. The jelly hits you.
* * * LOW HITPOINT WARNING * * *
You are splashed with acid!
The acid burns!
You die...

##$ .#+### # ..
...... #.#.
...$..
#.#.###(.....
####....<.......
......$.ยง.#.....
+#####.(Y.# ...
..c.....sJ+ .
....#...@(# ...
#...[.# ..
#...>.# . +.....#
####+##


You could see a sky beast, a centaur, a scorpion and a jelly.

Vanquished Creatures
  A hippogriff (D:3)
  Eustachio (D:5)
  A phantom (D:4)
  An orc warrior (D:6)
  2 centaurs
  2 big kobolds (Sewer)
  4 bullfrogs
  6 water moccasin zombies (Ossuary)
  4 killer bees
  A howler monkey (D:6)
  A crimson imp (D:4)
  A quasit (D:7)
  A jelly (D:8)
  A bullfrog zombie (D:5)
  2 hounds (D:7)
  An orc priest (D:4)
  4 orc wizards
  4 iguanas
  A worker ant (D:5)
  2 big kobold zombies (Ossuary)
  2 mummies (Ossuary)
  Robin (D:2)
  8 adders
  10 gnolls
  A howler monkey skeleton (D:5)
  2 shadow imps
  A white imp (D:4)
  4 oozes
  An adder skeleton (D:4)
  An adder zombie (Ossuary)
  4 worms
  A dart slug (D:1)
  10 leopard geckos
  15 orcs
  3 ball pythons
  12 bats
  16 giant cockroaches
  18 goblins
  6 hobgoblins
  7 jackals
  20 kobolds
  3 quokkas
  8 frilled lizards
  3 gnoll zombies (Ossuary)
  A goblin skeleton (D:4)
  A goblin zombie (D:4)
  8 hobgoblin zombies
  2 kobold zombies
  2 leopard gecko skeletons (D:6)
  An orc skeleton (D:4)
  4 orc zombies
  A quokka skeleton (D:6)
  3 rats (D:2)
  A spectral orc (D:3)
222 creatures vanquished.

Notes
Turn   | Place    | Note
-------+----------+-------------------------------------------
     0 | D:1      | RoseArtemis the Troll Monk began the quest for the Orb.
     0 | D:1      | Reached XP level 1. HP: 22/22 MP: 0/0
   495 | D:1      | Reached XP level 2. HP: 29/29 MP: 1/1
   928 | D:2      | Reached XP level 3. HP: 36/36 MP: 2/2
  1185 | D:2      | Found a faded altar of an unknown god.
  1256 | D:2      | Reached XP level 4. HP: 42/44 MP: 3/3
  1420 | D:2      | Reached skill level 4 in Unarmed Combat
  1543 | D:2      | Noticed Robin
  1548 | D:2      | Killed Robin
  1852 | D:2      | Found a shattered altar of Ashenzari.
  2131 | D:3      | Reached XP level 5. HP: 49/53 MP: 4/4
  2219 | D:3      | Found a hide-covered altar of Uskayaw.
  2395 | D:3      | Noticed a hippogriff
  2409 | D:3      | Killed a hippogriff
  2409 | D:3      | Reached skill level 5 in Unarmed Combat
  2409 | D:3      | Reached XP level 6. HP: 31/61 MP: 5/5
  2515 | D:3      | Found a basalt altar of Yredelemnul.
  2692 | D:4      | Found a staircase to the Ecumenical Temple.
  2701 | Temple   | Entered the Ecumenical Temple
  2853 | Temple   | Became a worshipper of Makhleb the Destroyer
  2853 | Temple   | Reached * piety under Makhleb
  2853 | Temple   | Reached ** piety under Makhleb
  2904 | D:4      | Found a sand-covered staircase.
  2909 | Ossuary  | Entered an ossuary
  3001 | Ossuary  | Reached XP level 7. HP: 38/68 MP: 6/6
  3010 | Ossuary  | Reached skill level 1 in Invocations
  3145 | Ossuary  | Reached skill level 6 in Unarmed Combat
  3269 | D:4      | Found a glowing drain.
  3275 | Sewer    | Entered a sewer
  3314 | Sewer    | Reached *** piety under Makhleb
  3508 | Sewer    | Reached XP level 8. HP: 75/78 MP: 8/8
  3657 | D:4      | Found a radiant altar of Vehumet.
  3729 | D:4      | Found a glowing golden altar of the Shining One.
  4332 | D:5      | Entered Level 5 of the Dungeon
  4332 | D:5      | Found Sifiyts's Armour Boutique.
  4349 | D:5      | Reached skill level 7 in Unarmed Combat
  4461 | D:5      | Reached **** piety under Makhleb
  4471 | D:5      | Bought a +2 robe of positive energy for 161 gold pieces
  4512 | D:5      | Noticed Eustachio
  4530 | D:5      | Killed Eustachio
  4541 | D:5      | Got a distressingly furry robe
  4571 | D:5      | Identified the +0 robe of the Little Devil {rF+} (You found
                  | it on level 5 of the Dungeon)
  5219 | D:6      | Found a bloodstained altar of Trog.
  5220 | D:6      | Found an iron altar of Okawaru.
  5964 | D:7      | Reached skill level 5 in Fighting
  6034 | D:7      | Reached skill level 8 in Unarmed Combat
  6117 | D:7      | Reached XP level 9. HP: 88/88 MP: 10/10
  6149 | D:6      | Reached skill level 5 in Dodging
  6297 | D:7      | Found Ciwetorgh's Gadget Shop.
  6733 | D:7      | Found Ciwetorgh's Gadget Shop.
  7217 | D:8      | Splashed by a jelly's acid

Vault maps used:
D:1:      nagdon_arrival_double_spiral, minivault_23
D:2:      chequers_ecumenical_altar_lobes, ashenzari_altar_1, uniq_robin
D:3:      minmay_roachtagon, eat_drink_and_be_merry_uskayaw,
          yredelemnul_forgotten_temple_becter, first_ration,
          minmay_tree_intersection
D:4:      fiery_altar_vehumet, nicolae_tso_besieged_by_evil,
          minmay_temple_entry_steel_oval, gup_sewer_entry_pipe,
          nicolae_ossuary_entry_false_entrances
D:5:      serial_shops, shop, uniq_eustachio
D:6:      grunt_temple_overflow_bloody_war
D:7:      serial_shops, shop
Temple:   regret_index_temple_sphere_string
Sewer:    kennysheep_pipe_town
Ossuary:  ossuary_tomb_2

Skill      XL: |  1  2  3  4  5  6  7  8  9 |
---------------+----------------------------+-----
Unarmed Combat | 4 5 6 8 |  8.6
Fighting       | 3 4 5 |  5.3
Dodging        | 3 4 5 |  5.2
Stealth        | 2 |  2.0
Invocations    | 2 3 4 |  4.0

Action                   |  1- 3 |  4- 6 |  7- 9 || total
-------------------------+-------+-------+-------++-------
Melee: Unarmed           |    82 |   178 |   365 ||   625
       Punch             |       |     1 |    12 ||    13
Throw: Tomahawk          |       |     3 |       ||     3
Invok: Minor Destruction |       |       |     1 ||     1
  Use: Scroll            |       |    11 |     8 ||    19
       Potion            |       |       |     6 ||     6
 Stab: Sleeping          |     5 |     4 |     5 ||    14
  Eat: Chunk             |    17 |    14 |    38 ||    69
Armor: Robe              |    35 |    70 |   148 ||   253
Dodge: Dodged            |    48 |   110 |   270 ||   428

Table legend:
 A = Non-vault XP
 B = Vault XP
 C = Vault XP percentage of total XP
 D = Non-vault monster count
 E = Vault monster count
 F = Vault count percentage of total count
                 A         B        C        D         E       F
            +---------+---------+-------+---------+---------+-------
      Total |    2481 |    1103 |  30.8 |     138 |      84 |  37.8
            +---------+---------+-------+---------+---------+-------
        D:1 |      44 |       0 |   0.0 |      18 |       0 |   0.0
        D:2 |     111 |      30 |  21.3 |      31 |       9 |  22.5
        D:3 |     359 |      19 |   5.0 |      22 |      10 |  31.2
        D:4 |     342 |      36 |   9.5 |      16 |      16 |  50.0
        D:5 |     290 |     182 |  38.6 |      20 |       1 |   4.8
        D:6 |     508 |      15 |   2.9 |       9 |       1 |  10.0
        D:7 |     689 |       0 |   0.0 |      20 |       0 |   0.0
        D:8 |     138 |       0 |   0.0 |       2 |       0 |   0.0
      Sewer |       0 |     253 | 100.0 |       0 |      24 | 100.0
    Ossuary |       0 |     568 | 100.0 |       0 |      23 | 100.0
            +---------+---------+-------+---------+---------+-------
